 Dungeon Crawl Stone Soup version 0.27-a0-34-gc18c9092ac (webtiles) character file.

Game seed: 8392126940049818851

30633 Ge0ff the Unseen (level 13, 0/96 HPs)
             Began as a Vampire Delver on Jan 4, 2021.
             Was a High Priest of Okawaru.
             Shot with an arrow by Nessos (12 damage)
             ... on level 13 of the Dungeon.
             The game lasted 01:00:30 (16424 turns).

Ge0ff the Unseen (Vampire Delver)                  Turns: 16424, Time: 01:00:31

Health: 0/96       AC:  9    Str: 11    XL:     13   Next: 21%
Magic:  20/20      EV: 28    Int:  9    God:    Okawaru [*****.]
Gold:   472        SH:  8    Dex: 30    Spells: 14/21 levels left

rFire    . . .     SeeInvis +   a - +8 rapier (elec)
rCold    + . .     Faith    .   c - +0 buckler
rNeg     . . .     Spirit   .   U - +1 leather armour of the Sky {Dex+5}
rPois    .         Reflect  .   l - +2 hat of Maxuz {+Inv Will+ Int-5}
rElec    .         Harm     .   (no cloak)
rCorr    .         Rampage  .   S - +0 pair of gloves
Will     ++...                  J - +0 pair of boots
Stlth    ++++++++..             (no amulet)
HPRegen  0.46/turn              D - ring of protection from cold {=R}
MPRegen  0.17/turn              u - +6 ring of dexterity

@: lethally poisoned (0 -> -18), heroism, regenerating quickly
A: fangs 3, see invisible, unbreathing
a: Exsanguinate, Renounce Religion, Evoke Invisibility, Heroism, Finesse


You were on level 13 of the Dungeon.
You worshipped Okawaru.
Okawaru was extremely pleased with you.
You visited 2 branches of the dungeon, and saw 14 of its levels.

You collected 831 gold pieces.
You spent 359 gold pieces at shops.

Inventory:

Hand Weapons
 a - a +8 rapier of electrocution (weapon)
 b - a +1 dagger of venom
 h - a +2 scimitar of flaming
 w - a +6 dagger
 R - the +5 scythe "Finisher" {speed, eviscerate}
   (You found it on level 9 of the Dungeon)

   Attacks with this weapon are significantly faster.
Missiles
 f - 8 silver javelins
 j - 5 datura-tipped darts {=f}
 x - 3 javelins
 N - 4 silver boomerangs
 O - 2 atropa-tipped darts
 Y - 11 poisoned darts (quivered)
Armour
 c - a +0 buckler (worn)
 l - the +2 hat of Maxuz (worn) {+Inv Will+ Int-5}
   (Okawaru gifted it to you on level 13 of the Dungeon)

   It affects your intelligence (-5).
   It affects your willpower, your defense against some magical effects.
   It lets you turn invisible.
 p - a +0 troll leather armour
 r - a +0 ring mail of cold resistance
 s - a +2 robe of fire resistance
 J - a +0 pair of boots (worn)
 Q - a +2 helmet of intelligence
 S - a +0 pair of gloves (worn)
 U - the +1 leather armour of the Sky (worn) {Dex+5}
   (You found it on level 4 of the Dungeon)

   It affects your dexterity (+5).
Jewellery
 e - an uncursed ring of positive energy
 u - a +6 ring of dexterity (right hand)
 D - a ring of protection from cold (left hand) {=R}
 G - an uncursed ring of wizardry
Wands
 d - a wand of digging (5)
 P - a wand of polymorph (1)
Scrolls
 i - 8 scrolls of identify
 m - 4 scrolls of magic mapping
 y - a scroll of immolation
 B - 3 scrolls of noise
 C - 3 scrolls of remove curse
 E - 2 scrolls of fear
 F - 3 scrolls of fog
 T - 5 scrolls of teleportation
 Z - 3 scrolls of enchant armour
Potions
 g - a potion of cancellation {unknown}
 k - a potion of magic {unknown}
 o - a potion of ambrosia
 q - 3 potions of curing
 z - a potion of brilliance
 A - 2 potions of attraction
 H - 3 potions of haste {!q}
 K - 2 potions of mutation {!q}
 L - 5 potions of lignification
 M - 2 potions of might
 W - a potion of heal wounds {!q}
 X - a potion of flight
Miscellaneous
 n - a phial of floods (inert)
 t - a tin of tremorstones (1/2)


   Skills:
 - Level 7.0(12.0) Fighting
 + Level 13.0(18.0) Short Blades
 - Level 1.0(6.0) Throwing
 - Level 3.0(8.0) Armour
 + Level 9.7(14.7) Dodging
 + Level 15.3(20.3) Stealth
 - Level 4.0(9.0) Shields
 * Level 4.7 Spellcasting
 * Level 7.6 Hexes
 + Level 6.9 Invocations
 + Level 3.4 Evocations


You had 14 spell levels left.
You knew the following spells:

 Your Spells              Type           Power        Failure   Level
g - Apportation           Tloc           4%           32%         1
i - Invisibility          Hex            15%          91%         6

Your spell library contained the following spells:

 Spells                   Type           Power        Failure   Level
 Tukima's Dance           Hex            15%          4%          3
 Lesser Beckoning         Tloc           1%           67%         3
 Alistair's Intoxication  Tmut/Pois      1%           100%        5


Dungeon Overview and Level Annotations

Branches:
Dungeon (13/15)            Temple (1/1) D:6            Lair (0/6) D:8
    Orc (0/2) D:11
 Vaults: D:13-14

Altars:
Cheibriados
Dithmenos
Elyvilon
Fedhas
Hepliaklqana
Kikubaaqudgha
Okawaru
Qazlal
Uskayaw
Vehumet
Zin

Shops:
D:10 ?   D:12 ?

Annotations:
D:13 Nessos


Innate Abilities, Weirdness & Mutations

Your natural rate of healing is unusually fast.
You have razor-sharp teeth.
You have supernaturally acute eyesight. (SInv)
You can survive without breathing.


Message History

Evoke which item? (* to show all) (? for menu, Esc to quit)
Aim the phial where?
Press: ? - help, Shift-Dir - straight line, f/p - Nessos
Aim: Nessos, wielding a +1 longbow of flaming, wearing a +0 barding and quivering 4 arrows (lightly wounded, fast)
The torrent of water hits Nessos!
Nessos is moderately wounded.
Nessos is knocked back by the torrent of water.
Nessos slams into the rock wall!
The wave splashes down.
Nessos is engulfed in water.
You feel sick.
You hear a shout! x3
Nessos shoots an arrow.
The arrow hits you!
* * * LOW HITPOINT WARNING * * *
The arrow burns you.
You are more poisoned.
* * * LOW HITPOINT WARNING * * *
You feel better.
Nessos shoots an arrow.
The arrow hits you!!
* * * LOW HITPOINT WARNING * * *
The arrow burns you!
You are lethally poisoned!
You die...

######'##### ######.#### #.#
#.#...# #.# ##'########## #.#
#...........# ## #.#
#...........### #. #..#
#######.....[...).'.# #.
####.####.....'...........#.###.
..........#####...........#...'.
###.#..### #@..........#####.
#≈≈≈#..## #≈≈.........# #.
#.≈≈#...#####c≈.........# #.
#≈.#.≈.#≈c..(..≈≈≈.........# #.
#≈.≈....≈♣(.######'######### ##
#.≈.≈#≈≈((..# #.## ...≈≈≈≈c≈≈≈##
..# .≈≈...≈.≈≈♣# #.#
.≈.≈≈≈c♣.#.# #.##


You could see Nessos (fast, waterlogged).

Vanquished Creatures
  3 boulder beetles
  A hydra (D:11)
  A tengu warrior (D:13)
  Erolcha (D:11)
  3 centaur warriors
  Erica (D:11)
  4 two-headed ogres
  The ghost of qborf the Destroyer, a journeyman DECj of Gozag (D:10)
  A death knight (D:13)
  An unseen horror (D:11)
  2 ugly things
  3 orc sorcerers (D:9)
  A wolf spider (D:13)
  A cyclops (D:13)
  A centaur zombie (D:12)
  A manticore (D:13)
  2 centaur skeletons
  A redback zombie (D:13)
  Maggie (D:9)
  2 kobold demonologists
  6 trolls
  A troll (shapeshifter) (D:13)
  A polar bear (D:10)
  2 hornets
  3 slime creatures
  7 wraiths
  A shadow (D:9)
  9 yaks
  5 wyverns
  7 vampire mosquitoes (D:12)
  3 water moccasins
  6 ice beasts
  An eye of draining (D:10)
  3 orc warriors
  2 black bears
  10 ogres
  5 sky beasts
  3 phantoms
  A wolf (D:10)
  A necrophage (D:9)
  12 centaurs
  A big kobold (D:10)
  4 bullfrogs
  A wyvern skeleton (D:9)
  4 scorpions
  4 killer bees (D:10)
  8 electric eels
  9 wights
  3 howler monkeys
  A jelly (D:6)
  2 orc priests (D:7)
  2 bullfrog skeletons
  14 hounds
  Terence (D:2)
  4 iguanas
  14 orc wizards
  7 worker ants
  A bullfrog simulacrum (D:10)
  A hound zombie (D:6)
  A hound skeleton (D:5)
  A worker ant zombie (D:9)
  9 adders
  A howler monkey skeleton (D:9)
  A river rat (D:10)
  2 shadow imps
  2 white imps
  An ufetubus (D:10)
  3 oozes
  3 adder skeletons
  An adder zombie (D:9)
  3 worms (D:2)
  5 dart slugs
  12 leopard geckos
  37 orcs
  3 giant cockroaches
  4 goblins
  8 hobgoblins
  13 jackals
  3 quokkas (D:2)
  9 bats
  3 frilled lizards
  A jackal zombie (D:6)
  19 kobolds
  A quokka skeleton (D:5)
  5 rats
353 creatures vanquished.

Vanquished Creatures (collateral kills)
  A tengu warrior (D:13)
  An ugly thing (D:13)
  A cyclops (D:13)
  An eye of draining (D:13)
  2 centaurs (D:13)
6 creatures vanquished.

Vanquished Creatures (others)
  An orc warrior (D:13)
  2 centaurs (D:13)
  A scorpion (D:6)
  An orc (D:11)
5 creatures vanquished.

Grand Total: 364 creatures vanquished

Notes
Turn   | Place    | Note
-------+----------+-------------------------------------------
     0 | D:5      | Ge0ff the Vampire Delver began the quest for the Orb.
     0 | D:5      | Reached XP level 1. HP: 17/17 MP: 1/1
    12 | D:6      | Reached XP level 2. HP: 23/24 MP: 2/2
    50 | D:5      | Noticed a sky beast
   114 | D:5      | Reached skill level 1 in Armour
   114 | D:5      | Reached XP level 3. HP: 29/29 MP: 3/3
   297 | D:4      | Got a spiked leather armour
   315 | D:4      | Identified the cursed +1 leather armour of the Sky {Dex+5}
                  | (You found it on level 4 of the Dungeon)
   505 | D:3      | Reached XP level 4. HP: 35/35 MP: 4/4
   995 | D:2      | Noticed Terence
  1258 | D:1      | Found a snail-covered altar of Cheibriados.
  1561 | D:1      | Reached XP level 5. HP: 41/41 MP: 5/5
  2266 | D:2      | Killed Terence
  2267 | D:2      | Reached skill level 5 in Short Blades
  2267 | D:2      | Reached skill level 8 in Stealth
  2686 | D:3      | Found an iron altar of Okawaru.
  2711 | D:3      | Became a worshipper of Warmaster Okawaru
  3113 | D:4      | Found a hide-covered altar of Uskayaw.
  3158 | D:4      | Reached skill level 1 in Shields
  3381 | D:5      | Noticed an ogre
  3384 | D:5      | Killed an ogre
  3385 | D:5      | Reached XP level 6. HP: 47/47 MP: 6/6
  3484 | D:5      | Noticed an orc warrior
  3498 | D:5      | Killed an orc warrior
  3543 | D:5      | Found a hazy altar of Hepliaklqana.
  3732 | D:5      | Reached XP level 7. HP: 36/52 MP: 7/7
  4201 | D:6      | Found a white marble altar of Elyvilon.
  4221 | D:6      | Reached * piety under Okawaru
  4228 | D:6      | Found a blossoming altar of Fedhas.
  4234 | D:6      | Found a shadowy altar of Dithmenos.
  4386 | D:6      | Reached skill level 1 in Invocations
  4436 | D:6      | Noticed a wraith
  4485 | D:6      | Killed a wraith
  4613 | D:6      | Reached XP level 8. HP: 46/58 MP: 8/10
  4672 | D:6      | Reached ** piety under Okawaru
  5007 | D:6      | Found a staircase to the Ecumenical Temple.
  5020 | Temple   | Entered the Ecumenical Temple
  5260 | D:5      | Found a hazy altar of Hepliaklqana.
  6237 | D:5      | Found a hazy altar of Hepliaklqana.
  6926 | D:7      | Reached XP level 9. HP: 62/64 MP: 11/11
  7328 | D:8      | Reached skill level 9 in Stealth
  7517 | D:8      | Noticed a troll
  7700 | D:8      | Killed a troll
  7700 | D:8      | Reached *** piety under Okawaru
  7971 | D:8      | Found a staircase to the Lair.
  8001 | D:8      | Reached skill level 10 in Short Blades
  8026 | D:8      | Reached skill level 10 in Stealth
  8636 | D:9      | Reached skill level 5 in Dodging
  8733 | D:9      | Noticed a boulder beetle
  8738 | D:9      | Killed a boulder beetle
  8738 | D:9      | Received a gift from Okawaru
  8738 | D:9      | Reached **** piety under Okawaru
  8739 | D:9      | Reached skill level 5 in Fighting
  8739 | D:9      | Reached XP level 10. HP: 74/74 MP: 10/13
  8792 | D:9      | Reached skill level 11 in Stealth
  9017 | D:9      | Noticed an orc sorcerer
  9017 | D:9      | Noticed an orc sorcerer
  9162 | D:9      | Noticed a brown ugly thing
  9162 | D:9      | Noticed a centaur warrior
  9181 | D:9      | Noticed Maggie
  9196 | D:9      | Killed Maggie
  9197 | D:9      | Reached skill level 1 in Throwing
  9339 | D:9      | Noticed a centaur warrior
  9532 | D:9      | Found the +5 scythe "Finisher" {speed, eviscerate}
  9623 | D:10     | Entered Level 10 of the Dungeon
  9628 | D:10     | Reached ***** piety under Okawaru
  9629 | D:10     | Reached skill level 12 in Stealth
  9937 | D:10     | You fall into a shaft and drop 1 floor!
  9938 | D:11     | Noticed Erica
  9977 | D:11     | Noticed Erolcha
  9986 | D:11     | Noticed a cyan ugly thing
 10229 | D:9      | Killed a centaur warrior
 10321 | D:10     | Found a runed translucent door.
 10321 | D:10     | Noticed qborf's ghost (journeyman DECj)
 10327 | D:10     | Killed qborf's ghost
 10328 | D:10     | Reached XP level 11. HP: 81/81 MP: 11/14
 10368 | D:10     | Received a gift from Okawaru
 10448 | D:10     | Reached skill level 1 in Evocations
 10682 | D:10     | Reached skill level 13 in Stealth
 10954 | D:10     | Found Fomott's Magic Scroll Shoppe.
 10962 | D:10     | Bought a scroll of silence for 120 gold pieces
 10962 | D:10     | Bought a scroll of identify for 32 gold pieces
 10962 | D:10     | Bought a scroll of fear for 56 gold pieces
 10962 | D:10     | Bought a scroll of identify for 32 gold pieces
 10962 | D:10     | Bought a scroll of fog for 32 gold pieces
 11214 | D:9      | Noticed a two-headed ogre
 11219 | D:9      | Killed a two-headed ogre
 11253 | D:9      | Killed an orc sorcerer
 11256 | D:9      | Noticed an orc sorcerer
 11257 | D:9      | Killed an orc sorcerer
 11259 | D:9      | Killed an orc sorcerer
 11259 | D:9      | Received a gift from Okawaru
 11638 | D:9      | Killed a green ugly thing
 11639 | D:9      | Reached skill level 5 in Invocations
 12033 | D:9      | Killed a centaur warrior
 12461 | D:11     | Noticed a boulder beetle
 12584 | D:11     | Noticed a seven-headed hydra
 13127 | D:10     | Found Fomott's Magic Scroll Shoppe.
 13369 | D:10     | Reached skill level 14 in Stealth
 13695 | D:10     | Bought a scroll of teleportation for 48 gold pieces
 13748 | D:10     | Killed a boulder beetle
 13749 | D:10     | Reached XP level 12. HP: 67/91 MP: 14/16
 13878 | D:11     | Killed Erica
 13916 | D:12     | Found Kied's Magic Scroll Emporium.
 13962 | D:12     | Bought a scroll of teleportation for 39 gold pieces
 14171 | D:12     | Noticed a two-headed ogre
 14178 | D:12     | Killed a two-headed ogre
 14199 | D:12     | Learned a level 1 spell: Apportation
 14206 | D:12     | Learned a level 6 spell: Invisibility
 14358 | D:11     | Killed Erolcha
 14359 | D:11     | Reached skill level 1 in Spellcasting
 14662 | D:11     | Killed a seven-headed hydra
 14729 | D:11     | Found a staircase to the Orcish Mines.
 14848 | D:11     | Received a gift from Okawaru
 14990 | D:12     | Noticed a boulder beetle
 15004 | D:12     | Killed a boulder beetle
 15005 | D:12     | Reached skill level 5 in Hexes
 15375 | D:13     | Reached skill level 15 in Stealth
 15416 | D:13     | Noticed Nessos
 15525 | D:13     | Noticed a centaur warrior
 15546 | D:13     | Killed a centaur warrior
 15694 | D:13     | Noticed a two-headed ogre
 15707 | D:13     | Killed a two-headed ogre
 15707 | D:13     | Received a gift from Okawaru
 15710 | D:13     | Got a translucent hat {god gift}
 15723 | D:13     | Identified the +2 hat of Maxuz {+Inv Will+ Int-5} (Okawaru
                  | gifted it to you on level 13 of the Dungeon)
 15758 | D:13     | Noticed a two-headed ogre
 15766 | D:13     | Killed a two-headed ogre
 15767 | D:13     | Reached XP level 13. HP: 96/96 MP: 17/19
 16424 | D:13     | Shot with an arrow by Nessos

Illustrated notes

Levels and vault maps discovered:
D:1:      evilmike_arrival_fibonacci_small, layout_basic, cheibriados_altar_1
D:2:      wander_river, layout_loops_ring, kennysheep_another_room, uniq_terence
D:3:      layout_basic, okawaru_altar_gauntlet_db
D:4:      layout_rooms, nicolae_overflow_crystal_walls
D:5:      layout_loops_ring, nzn_hepliaklqana_mist_gate, hangedman_decor_push
D:6:      layout_gridville, minitemple, lemuel_temple_firewalk_a
D:7:      layout_loops_ring
D:8:      layout_loops_ring, erik_lair_island, minmay_unpleasant_kobolds
D:9:      minmay_the_grid_3x3 [minmay_the_grid_minigrid_small_alt,
          minmay_the_grid_eight, minmay_the_grid_odd_star,
          minmay_the_grid_square_x, minmay_the_grid_spin_star,
          minmay_the_grid_tri_star, minmay_the_grid_spikes,
          minmay_the_grid_outer_diamond, minmay_the_grid_prize_four_corners],
          layout_irregular_city, serial_column_ruins, column_ruins_hut_pillars,
          column_ruins_hut, column_ruins_open_tiny, column_ruins_open_tiny,
          column_ruins_columns_dead_end, column_ruins_open_small,
          column_ruins_columns_straight, column_ruins_open_tiny,
          column_ruins_grid_2, minmay_guarded_unrand_finisher, uniq_maggie
D:10:     layout_grid_maze, serial_shops, nicolae_shop_trees, serial_ice,
          serial_ice_m, serial_ice_o, serial_ice_l, serial_ice_h,
          gammafunk_ghost_grave, chequers_serial_rivers_marsh
D:11:     layout_rooms, orc_0_dummy, grunt_ministairs_15, uniq_erica,
          uniq_erolcha
D:12:     layout_long_grid, serial_shops, shop_scrolls, ldierk_geyser
D:13:     layout_roguey, serial_rivers, chequers_serial_rivers_room_b,
          chequers_serial_rivers_room_a, chequers_serial_rivers_marsh,
          chequers_serial_rivers_micro_d, chequers_serial_rivers_micro_b,
          chequers_serial_rivers_large_b, minmay_microvault, uniq_nessos
Temple:   eino_temple_rhombus

Skill      XL: |  1  2  3  4  5  6  7  8  9 10 11 12 13 |
---------------+----------------------------------------+-----
Fighting       | 3 5 6 7 |  7.0
Short Blades   | 3 4 5 6 7 9 10 11 12 13 | 13.0
Armour         | 1 2 3 |  3.0
Dodging        | 3 5 7 8 9 |  9.7
Stealth        | 8 10 12 14 15 | 15.3
Shields        | 2 3 4 |  4.0
Invocations    | 2 3 4 5 6 |  6.9
Throwing       | 1 |  1.0
Evocations     | 3 |  3.4
Spellcasting   | 4 |  4.7
Hexes          | 6 7 |  7.6

Action                   |  1- 3 |  4- 6 |  7- 9 | 10-12 | 13-15 || total
-------------------------+-------+-------+-------+-------+-------++-------
Melee: Short sword       |    30 |    62 |       |       |       ||    92
       Bite              |     4 |    34 |    60 |   114 |     7 ||   219
       Rapier            |       |   171 |   396 |   637 |    53 ||  1257
       Dagger            |       |     2 |     8 |    57 |       ||    67
Throw: Stone             |     1 |     1 |    12 |       |       ||    14
       Boomerang         |       |     9 |    59 |     6 |       ||    74
       Dart              |       |       |     9 |   132 |    17 ||   158
       Javelin           |       |       |     3 |       |       ||     3
Invok: Heroism           |       |       |    14 |    52 |     8 ||    74
       Finesse           |       |       |       |     2 |       ||     2
Evoke: Wand              |       |     4 |    29 |    11 |     1 ||    45
       Tin of tremorston |       |       |       |     2 |       ||     2
       Phial of floods   |       |       |       |       |     1 ||     1
  Use: Scroll            |       |     9 |     3 |    24 |       ||    36
       Potion            |       |       |     4 |     2 |     1 ||     7
 Stab: Sleeping          |     7 |    21 |    16 |    46 |       ||    90
       Paralysed         |       |     2 |       |       |       ||     2
       Distracted        |       |     1 |     1 |     3 |       ||     5
       Invisible         |       |       |     1 |     7 |     1 ||     9
Armor: Leather armour    |     6 |    49 |    44 |    37 |     1 ||   137
       Skin              |       |       |     4 |       |       ||     4
Dodge: Dodged            |    12 |   117 |   157 |   308 |    27 ||   621
Block: Buckler           |       |    18 |    71 |   134 |    15 ||   238

Table legend: (Time is in decaauts)
 A = Elapsed time spent in this place.
 B = Non-inter-level travel time spent in this place.
 C = Inter-level travel time spent in this place.
 D = Time resting spent in this place.
 E = Time spent auto-exploring this place.
 F = Levels seen in this place.
 G = Mean time per level.
                   A        B        C        D        E       F      G
               +--------+--------+--------+--------+--------+-----+--------+
         Total |  15999 |  15160 |    839 |   1320 |   8317 |  14 | 1142.8 |
       Dungeon |  15998 |  15159 |    839 |   1320 |   8317 |  13 | 1230.6 |
        Temple |      1 |      1 |      0 |      0 |      0 |   1 |    1.0 |
               +--------+--------+--------+--------+--------+-----+--------+

Top non-repeatable levels by time:
    D:10: 2634 daAuts
     D:5: 2199 daAuts
     D:9: 2114 daAuts
     D:8: 1492 daAuts
     D:6: 1101 daAuts
    D:13: 1053 daAuts
     D:2: 1036 daAuts
     D:3: 942 daAuts
     D:7: 782 daAuts
    D:12: 735 daAuts
    D:11: 732 daAuts
     D:4: 682 daAuts
     D:1: 490 daAuts
  Temple: 1 daAuts
